USPBL
PORTLAND WALRUSES @ BIRMINGHAM-BLOOMFIELD BEAVERS
06/30/2068
 
TOP OF THE 1ST
Long Island Ducks batting - Pitching for Somerset Patriots : RHP Ramon Jimenez
Pitching: RHP Ramon Jimenez
Batting: LHB Pat Shaw 0-0: Ball
1-0: Ball
2-0: Ball
3-0: Foul Ball, location: 2F
3-1: Ground out U3 (Groundball, 3S, EV 92.5 MPH)
Batting: RHB Ray Peterson 0-0: Called Strike
0-1: Ball
1-1: Swinging Strike
1-2: Strikes out swinging
Batting: RHB Jamie Traut 0-0: Called Strike
0-1: Foul Ball, location: 2F
0-2: Ball
1-2: Fly out, F3 (Popup, 3SF, EV 79.4 MPH)
Top of the 1st over - 0 runs, 0 hits, 0 errors, 0 left on base; Long Island 0 - Somerset 0
BOTTOM OF THE 1ST
Somerset Patriots batting - Pitching for Long Island Ducks : RHP Curtis Green
Pitching: RHP Curtis Green
Batting: RHB Mike Mehlhorn 0-0: Ball
1-0: Ball
2-0: SINGLE (Line Drive, 8RS, EV 105.0 MPH)
Batting: LHB Glen Kurucz 0-0: Foul Ball, location: 2F
0-1: TRIPLE (Flyball, 89XD, EV 104.4 MPH)
Mike Mehlhorn scores
Batting: RHB Ryan Riley 0-0: Ball
1-0: SINGLE (Groundball, 34D, EV 78.8 MPH) (infield hit)
Glen Kurucz scores
Batting: RHB Matt Fox 0-0: Grounds into double play, 5-4-3 (Groundball, 56, EV 92.5 MPH)
Batting: LHB Seth Nyland 0-0: Called Strike
0-1: Foul Ball, location: 2F
0-2: Ball
1-2: Ball
2-2: Strikes out swinging
Bottom of the 1st over - 2 runs, 3 hits, 0 errors, 0 left on base; Long Island 0 - Somerset 2
TOP OF THE 2ND
Long Island Ducks batting - Pitching for Somerset Patriots : RHP Ramon Jimenez
Batting: RHB Dave Mullen 0-0: Swinging Strike
0-1: Foul Ball, location: 2F
0-2: Foul Ball, location: 2F
0-2: Strikes out swinging
Batting: SHB Aaron Jones 0-0: Called Strike
0-1: Ball
1-1: Foul Ball, location: 2F
1-2: Ground out U3 (Groundball, 34S, EV 83.8 MPH)
Batting: RHB Oscar Rivera 0-0: Called Strike
0-1: Ball
1-1: Ball
2-1: Fly out, F9 (Flyball, 9, EV 84.4 MPH)
Top of the 2nd over - 0 runs, 0 hits, 0 errors, 0 left on base; Long Island 0 - Somerset 2
BOTTOM OF THE 2ND
Somerset Patriots batting - Pitching for Long Island Ducks : RHP Curtis Green
Batting: RHB Vance Doyle 0-0: Ball
1-0: Ball
2-0: Called Strike
2-1: Ball
3-1: Foul Ball, location: 2F
3-2: Foul Ball, location: 2F
3-2: Foul Ball, location: 2F
3-2: Foul Ball, location: 2F
3-2: SINGLE (Groundball, 6D, EV 105.0 MPH)
Batting: RHB Jose Raygoza 0-0: Ball
1-0: Ball
2-0: Foul Ball, location: 2F
2-1: Ground out 5-3 (Groundball, 56S, EV 64.4 MPH)
Vance Doyle to second
Batting: RHB Bobby Duran 0-0: Swinging Strike
0-1: Swinging Strike
0-2: Fly out, F8 (Flyball, 8LXD, EV 102.5 MPH)
Runner from 2nd tags up, SAFE at 3rd, no throw by CF
Batting: RHB Luis Alen 0-0: Called Strike
0-1: Ball
1-1: Called Strike
1-2: Ground out 5-3 (Groundball, 5L, EV 86.9 MPH)
Bottom of the 2nd over - 0 runs, 1 hit, 0 errors, 1 left on base; Long Island 0 - Somerset 2
TOP OF THE 3RD
Long Island Ducks batting - Pitching for Somerset Patriots : RHP Ramon Jimenez
Batting: RHB Edwin Velazquez 0-0: Called Strike
0-1: Fly out, F4 (Flyball, 34D, EV 85.0 MPH)
Batting: RHB Ryan Trujillo 0-0: Ball
1-0: Fly out, F7 (Line Drive, 7D, EV 93.8 MPH)
Batting: RHB Wayne Barton 0-0: Fly out, F8 (Flyball, 89D, EV 95.0 MPH)
Top of the 3rd over - 0 runs, 0 hits, 0 errors, 0 left on base; Long Island 0 - Somerset 2
BOTTOM OF THE 3RD
Somerset Patriots batting - Pitching for Long Island Ducks : RHP Curtis Green
Batting: RHB Mike Mehlhorn 0-0: Ball
1-0: Ground out 4-3 (Groundball, 4M, EV 83.8 MPH)
Batting: LHB Glen Kurucz 0-0: Ball
1-0: Ball
2-0: Called Strike
2-1: Ball
3-1: Fly out, F7 (Flyball, 7S, EV 83.8 MPH)
Batting: RHB Ryan Riley 0-0: Foul Ball, location: 2F
0-1: DOUBLE (Line Drive, 8LXD, EV 103.8 MPH)
Batting: RHB Matt Fox 0-0: Ball
1-0: Called Strike
1-1: Ground out 5-3 (Groundball, 56, EV 82.5 MPH)
Bottom of the 3rd over - 0 runs, 1 hit, 0 errors, 1 left on base; Long Island 0 - Somerset 2
TOP OF THE 4TH
Long Island Ducks batting - Pitching for Somerset Patriots : RHP Ramon Jimenez
Batting: LHB Pat Shaw 0-0: Fly out, F5 (Popup, 5SF, EV 71.9 MPH)
Batting: RHB Ray Peterson 0-0: Ball
1-0: Called Strike
1-1: Reached on error, E6 (Groundball, 6S, EV 78.1 MPH)
Batting: RHB Jamie Traut 0-0: Foul Ball, location: 2F
0-1: Ball
1-1: Ball
2-1: Called Strike
Ray Peterson steals 2nd base
2-2: Foul Ball, location: 2F
2-2: Strikes out swinging
Batting: RHB Dave Mullen 0-0: Swinging Strike
0-1: Foul Ball, location: 2F
0-2: Strikes out swinging
Top of the 4th over - 0 runs, 0 hits, 1 error, 1 left on base; Long Island 0 - Somerset 2
BOTTOM OF THE 4TH
Somerset Patriots batting - Pitching for Long Island Ducks : RHP Curtis Green
Batting: LHB Seth Nyland 0-0: Ball
1-0: Called Strike
1-1: Foul Ball, location: 2F
1-2: Ball
2-2: Ball
3-2: Base on Balls
Batting: RHB Vance Doyle 0-0: Called Strike
0-1: Called Strike
0-2: Fielders Choice at 2nd, 6-4 (Groundball, 6, EV 85.0 MPH)
Batting: RHB Jose Raygoza 0-0: Fly out, F9 (Line Drive, 9D, EV 93.8 MPH)
Batting: RHB Bobby Duran 0-0: Called Strike
0-1: Foul Ball, location: 2F
0-2: Foul Ball, location: 2F
0-2: Strikes out swinging
Bottom of the 4th over - 0 runs, 0 hits, 0 errors, 1 left on base; Long Island 0 - Somerset 2
TOP OF THE 5TH
Long Island Ducks batting - Pitching for Somerset Patriots : RHP Ramon Jimenez
Batting: SHB Aaron Jones 0-0: Foul Ball, location: 2F
0-1: Foul Ball, location: 2F
0-2: Hit by Pitch
Batting: RHB Oscar Rivera 0-0: Foul Ball, location: 2F
0-1: Ball
Passed Ball!
Aaron Jones to second
1-1: Foul Ball, location: 2F
1-2: Foul Ball, location: 2F
1-2: Ground out 6-3 (Groundball, 6, EV 87.5 MPH)
Batting: RHB Edwin Velazquez 0-0: Ball
1-0: Called Strike
1-1: Called Strike
1-2: Ball
2-2: Fly out, F2 (Popup, 23F, EV 83.1 MPH)
Batting: RHB Ryan Trujillo 0-0: Called Strike
0-1: Foul Ball, location: 2F
0-2: Strikes out swinging
Top of the 5th over - 0 runs, 0 hits, 0 errors, 1 left on base; Long Island 0 - Somerset 2
BOTTOM OF THE 5TH
Somerset Patriots batting - Pitching for Long Island Ducks : RHP Curtis Green
Batting: RHB Luis Alen 0-0: Called Strike
0-1: SINGLE (Groundball, 34D, EV 105.0 MPH)
Batting: RHB Mike Mehlhorn 0-0: Swinging Strike
0-1: Ball
Balk!
Luis Alen to second
1-1: Fly out, F6 (Line Drive, 6, EV 65.6 MPH)
Batting: LHB Glen Kurucz 0-0: Ball
1-0: Called Strike
1-1: Fly out, F8 (Line Drive, 8RM, EV 91.9 MPH)
Batting: RHB Ryan Riley 0-0: Called Strike
0-1: Swinging Strike
0-2: Ball
1-2: SINGLE (Line Drive, 4D, EV 103.8 MPH)
Luis Alen to third
Runner from 3rd tries for Home, SAFE, throw by CF to home
Batting: RHB Matt Fox 0-0: Ball
1-0: Called Strike
1-1: Ball
2-1: Foul Ball, location: 2F
2-2: Ball
3-2: Ground out U3 (Groundball, 34, EV 101.2 MPH)
Bottom of the 5th over - 1 run, 2 hits, 0 errors, 1 left on base; Long Island 0 - Somerset 3
TOP OF THE 6TH
Long Island Ducks batting - Pitching for Somerset Patriots : RHP Ramon Jimenez
Batting: RHB Wayne Barton 0-0: Swinging Strike
0-1: Ball
1-1: Foul Ball, location: 2F
1-2: Ground out 6-3 (Groundball, 6S, EV 88.8 MPH)
Batting: LHB Pat Shaw 0-0: Ball
1-0: Ball
2-0: Swinging Strike
2-1: Ball
3-1: Ground out 6-3 (Groundball, 6M, EV 100.6 MPH)
Batting: RHB Ray Peterson 0-0: Hit by Pitch
Batting: RHB Jamie Traut 0-0: Ball
1-0: Called Strike
1-1: Called Strike
1-2: Ball
2-2: Ball
3-2: Foul Ball, location: 2F
3-2: Strikes out looking
Top of the 6th over - 0 runs, 0 hits, 0 errors, 1 left on base; Long Island 0 - Somerset 3
BOTTOM OF THE 6TH
Somerset Patriots batting - Pitching for Long Island Ducks : RHP Curtis Green
Pitching: RHP Santiago Medrano
Batting: LHB Seth Nyland 0-0: Ball
1-0: Ball
2-0: Swinging Strike
2-1: Foul Ball, location: 2F
2-2: Fly out, F4 (Line Drive, 4, EV 61.2 MPH)
Batting: RHB Vance Doyle 0-0: Ball
1-0: Swinging Strike
1-1: Ball
2-1: Swinging Strike
2-2: Fly out, F9 (Flyball, 9LM, EV 88.8 MPH)
Batting: RHB Jose Raygoza 0-0: Fly out, F8 (Line Drive, 8RM, EV 88.8 MPH)
Bottom of the 6th over - 0 runs, 0 hits, 0 errors, 0 left on base; Long Island 0 - Somerset 3
TOP OF THE 7TH
Long Island Ducks batting - Pitching for Somerset Patriots : RHP Ramon Jimenez
Batting: RHB Dave Mullen 0-0: Called Strike
0-1: Ball
1-1: Ball
2-1: Ball
3-1: Fly out, F9 (Flyball, 9, EV 80.6 MPH)
Batting: SHB Aaron Jones 0-0: Ball
1-0: Called Strike
1-1: Ball
2-1: Swinging Strike
2-2: Fly out, F4 (Popup, 34S, EV 64.4 MPH)
Batting: RHB Oscar Rivera 0-0: Ball
1-0: Ball
2-0: Foul Ball, location: 2F
2-1: Foul Ball, location: 2F
2-2: Ball
3-2: SOLO HOME RUN (Line Drive, 7D, EV 106.9 MPH), Distance : 367 ft
Batting: RHB Edwin Velazquez 0-0: Ball
1-0: Fly out, F8 (Flyball, 8LM, EV 76.9 MPH)
Top of the 7th over - 1 run, 1 hit, 0 errors, 0 left on base; Long Island 1 - Somerset 3
BOTTOM OF THE 7TH
Somerset Patriots batting - Pitching for Long Island Ducks : RHP Santiago Medrano
Batting: RHB Bobby Duran 0-0: Ball
1-0: Swinging Strike
1-1: Called Strike
1-2: Strikes out swinging
Batting: RHB Luis Alen 0-0: Ball
1-0: Ball
2-0: Ball
3-0: Called Strike
3-1: Base on Balls
Batting: RHB Mike Mehlhorn 0-0: Ball
1-0: Ball
2-0: Fly out, F9 (Line Drive, 9S, EV 92.5 MPH)
Batting: LHB Glen Kurucz 0-0: Called Strike
0-1: Called Strike
0-2: Ball
1-2: 2-RUN HOME RUN (Line Drive, 9D, EV 95.6 MPH), Distance : 365 ft
Batting: RHB Ryan Riley 0-0: Ball
1-0: Foul Ball, location: 2F
1-1: Foul Ball, location: 2F
1-2: Ball
2-2: Ball
3-2: Base on Balls
Pitching: RHP Jason Ladd
Batting: RHB Matt Fox 0-0: Foul Ball, location: 2F
0-1: Ball
1-1: Called Strike
1-2: Strikes out looking
Bottom of the 7th over - 2 runs, 1 hit, 0 errors, 1 left on base; Long Island 1 - Somerset 5
TOP OF THE 8TH
Long Island Ducks batting - Pitching for Somerset Patriots : RHP Ramon Jimenez
Pitching: RHP Jim Lauth
Batting: RHB Ryan Trujillo 0-0: Swinging Strike
0-1: Foul Ball, location: 2F
0-2: Fly out, F6 (Flyball, 56D, EV 70.6 MPH)
Batting: RHB Wayne Barton 0-0: Foul Ball, location: 2F
0-1: Called Strike
0-2: Foul Ball, location: 2F
0-2: Ball
1-2: Strikes out swinging
Batting: LHB Pat Shaw 0-0: Fly out, F8 (Flyball, 8RD, EV 99.4 MPH)
Top of the 8th over - 0 runs, 0 hits, 0 errors, 0 left on base; Long Island 1 - Somerset 5
BOTTOM OF THE 8TH
Somerset Patriots batting - Pitching for Long Island Ducks : RHP Jason Ladd
Batting: LHB Seth Nyland 0-0: Ball
1-0: Swinging Strike
1-1: Ball
2-1: Swinging Strike
2-2: Ball
3-2: Strikes out swinging
Batting: RHB Vance Doyle 0-0: Ball
1-0: Ball
2-0: Foul Ball, location: 2F
2-1: Foul Ball, location: 2F
2-2: Ball
3-2: Strikes out swinging
Batting: RHB Jose Raygoza 0-0: Swinging Strike
0-1: SINGLE (Groundball, 56D, EV 96.2 MPH)
Batting: RHB Bobby Duran 0-0: Ball
1-0: Called Strike
1-1: Ball
2-1: Ground out 3-1 (Groundball, 34S, EV 63.8 MPH)
Bottom of the 8th over - 0 runs, 1 hit, 0 errors, 1 left on base; Long Island 1 - Somerset 5
TOP OF THE 9TH
Long Island Ducks batting - Pitching for Somerset Patriots : RHP Jim Lauth
Batting: RHB Ray Peterson 0-0: Swinging Strike
0-1: Foul Ball, location: 2F
0-2: Strikes out swinging
Batting: RHB Jamie Traut 0-0: Foul Ball, location: 2F
0-1: Ball
1-1: Foul Ball, location: 2F
1-2: Foul Ball, location: 2F
1-2: Ball
2-2: Strikes out looking
Batting: RHB Dave Mullen 0-0: Swinging Strike
0-1: Swinging Strike
0-2: Ball
1-2: Ball
2-2: Strikes out swinging
Top of the 9th over - 0 runs, 0 hits, 0 errors, 0 left on base; Long Island 1 - Somerset 5
Tuesday, June 15th , 2021 - OOTP Baseball 22.6 Build 56